 Dungeon Sprint DCSS version 0.21-a0-91-ga5031da (webtiles) character file.

287 Kidiri the Insei (level 6, -7/61 HPs)
             Began as a Demonspawn Transmuter on June 28, 2017.
             Was a Follower of Wu Jian.
             Mangled by a merfolk
             ... wielding a +0 trident
              (8 damage)
             ... in the Dungeon (Sprint V: "Ziggurat Sprint").
             The game lasted 00:02:10 (366 turns).

Kidiri the Insei (Demonspawn Transmuter)             Turns: 366, Time: 00:02:11

Health: -7/61      AC:  5    Str: 17    XL:     6   Next: 8%
Magic:  9/13       EV: 13    Int: 16    God:    Wu Jian [*.....]
Gold:   0          SH:  0    Dex: 19    Spells: 0/15 levels left

rFire    x . .     SeeInvis .     - Unarmed
rCold    + + +     Gourm    .   (shield currently unavailable)
rNeg     . . .     Faith    .   (armour currently unavailable)
rPois    +         Spirit   .   (helmet currently unavailable)
rElec    .         Reflect  .   (cloak currently unavailable)
rCorr    .         Harm     .   (gloves currently unavailable)
MR       .....     NoTele   +   (boots currently unavailable)
Stlth    +++.......             (no amulet)
HPRegen  0.20/turn              y - +6 ring of dexterity
MPRegen  0.13/turn              C - +6 ring of strength

@: ice-form
A: demonic guardian 1
a: End Transformation, Renounce Religion


You were in the Dungeon.
You worshipped Wu Jian.
Wu Jian was aware of your devotion.
You were not hungry.
You were a creature of crystalline ice.
You visited 1 branch

Inventory:

Missiles
 a - 1012 arrows
Armour
 n - a +2 robe of positive energy (melded)
 I - +5 fire dragon scales
 J - +5 gold dragon scales
Jewellery
 y - a +6 ring of dexterity (left front paw)
 z - a +6 ring of dexterity
 A - a +6 ring of intelligence
 B - a +6 ring of intelligence
 C - a +6 ring of strength (right front paw)
 D - a +6 ring of strength
Wands
 E - a wand of disintegration (7/24)
 F - a wand of iceblast (5/15)
 G - a wand of lightning (5/15)
 H - a wand of acid (5/15)
Scrolls
 j - 4 scrolls of blinking
 q - 4 scrolls of amnesia
 r - 3 scrolls of recharging
 s - 7 scrolls of fog
 t - 5 scrolls of identify
 u - 5 scrolls of remove curse
 v - 2 scrolls of fear
Potions
 e - 10 potions of curing
 f - 10 potions of heal wounds
 g - 6 potions of haste
 h - 7 potions of magic
 i - 2 potions of berserk rage
 k - 2 potions of brilliance
 l - 2 potions of invisibility
 m - 4 potions of resistance
 o - 5 potions of agility
 p - 5 potions of might
Books
 c - a book of Changes

   Spells                             Type                      Level
   a - Beastly Appendage              Transmutation                1
   b - Sticks to Snakes               Transmutation                2
   c - Spider Form                    Transmutation/Poison         3
   d - Ice Form                       Ice/Transmutation            4
   e - Blade Hands                    Transmutation                5
Comestibles
 d - 5 bread rations
 w - 42 fruits
 x - 4 meat rations


   Skills:
 * Level 5.1 Fighting
 + Level 2.8 Armour
 * Level 5.0 Dodging
 + Level 3.3 Stealth
 * Level 5.3 Unarmed Combat
 * Level 5.1 Spellcasting
 * Level 4.7 Transmutations
 + Level 1.7 Ice Magic
 + Level 1.9 Poison Magic
 + Level 3.2 Evocations


You couldn't memorise any spells.
You knew the following spells:

 Your Spells              Type           Power        Failure   Level  Hunger
a - Beastly Appendage     Tmut           ###...       1%          1    None
b - Sticks to Snakes      Tmut           ###.....     3%          2    #......
c - Spider Form           Tmut/Pois      ##........   12%         3    ###....
d - Ice Form              Ice/Tmut       ##......     36%         4    ####...
e - Blade Hands           Tmut           ###.......   50%         5    ######.


Dungeon Overview and Level Annotations

Branches:
Dungeon (1/1)

Altars:
Ashenzari
Cheibriados
Dithmenos
Elyvilon
Fedhas
Gozag
Hepliaklqana
Kikubaaqudgha
Makhleb
Nemelex Xobeh
Okawaru
Qazlal
Ru
Sif Muna
Trog
Uskayaw
Vehumet
Wu Jian
Xom
Yredelemnul
Zin
The Shining One
Beogh
Jiyva
Lugonu

Annotations:
D 1 transporter


Innate Abilities, Weirdness & Mutations

((You have sharp fingernails.))
((You are partially covered in large bone plates. (SH +4)))
A weak demonic guardian rushes to your aid.


Message History

Unknown command.
Welcome to arena 3.
You enter the transporter and appear at another place. 4 merfolk come into view.
The merfolk shouts!
The merfolk picks up an uncursed ring of protection from magic.
The merfolk puts on an uncursed ring of protection from magic.
Found three items.
Found a transporter.
The merfolk shouts! x2
The merfolk throws a tomahawk.
The tomahawk hits you!!
You see here a tomahawk.
Unknown command.
Okay, then.
Unknown command.
Okay, then.
The merfolk hits you from afar with an enchanted trident!
The merfolk hits you from afar with a trident!!
* * * LOW HITPOINT WARNING * * *
The merfolk hits you from afar with a trident!
You die...

▓▓▓▓▓▓▓▓▓▓▓▓▓▓▓▓▓▓▓
▓.8©8.▓.8©8.▓.8©8.▓
▓.)m..▓.::[.▓.....▓
▓.mmm.▓.....▓.[.).▓
▓.....▓.....▓.....▓
▓..Y..▓.....▓.....▓
▓.5(..▓.)...▓.....▓
▓.....▓.....▓▓▓▓▓▓▓
▓▓▓▓▓▓▓▓▓▓▓▓▓


You could see 4 merfolk and a friendly quasit.

Vanquished Creatures
  2 necrophages (D)
  A wight (D)
  An adder zombie (D)
4 creatures vanquished.

Vanquished Creatures (collateral kills)
  A necrophage (D)
1 creature vanquished.

Grand Total: 5 creatures vanquished

Notes
Turn   | Place    | Note
-------+----------+-------------------------------------------
     0 | D        | Kidiri the Demonspawn Transmuter began the quest for the Orb.
     0 | D        | Reached XP level 1. HP: 15/15 MP: 3/3
     0 | D        | Found a deep blue altar of Sif Muna.
     0 | D        | Found a sacrificial altar of Ru.
     0 | D        | Found a bloodstained altar of Trog.
     0 | D        | Found a stormy altar of Qazlal.
     0 | D        | Found an iron altar of Okawaru.
     0 | D        | Found a sparkling altar of Nemelex Xobeh.
     0 | D        | Found a blossoming altar of Fedhas.
     2 | D        | Found a transporter.
     2 | D        | Found an ancient bone altar of Kikubaaqudgha.
     2 | D        | Found a viscous altar of Jiyva.
     2 | D        | Found a corrupted altar of Lugonu.
     2 | D        | Found a hazy altar of Hepliaklqana.
     2 | D        | Found a burning altar of Makhleb.
     2 | D        | Found an opulent altar of Gozag.
    49 | D        | Became a worshipper of the Wu Jian Council
    66 | D        | Reached skill level 1 in Armour
    66 | D        | Reached skill level 1 in Stealth
    66 | D        | Reached skill level 1 in Evocations
    66 | D        | Gained mutation: A weak demonic guardian rushes to your aid. [demonic ancestry]
    66 | D        | Reached XP level 2. HP: 23/23 MP: 4/6
    70 | D        | Learned a level 2 spell: Sticks to Snakes
    86 | D        | Entered arena 2.
    86 | D        | Noticed a necrophage
    86 | D        | Found a transporter.
    93 | D        | Killed a necrophage
    93 | D        | Gained mutation: You have sharp fingernails. [demonic ancestry]
    93 | D        | Reached XP level 3. HP: 22/30 MP: 5/8
    93 | D        | Reached XP level 4. HP: 27/37 MP: 6/10
   175 | D        | Learned a level 3 spell: Spider Form
   180 | D        | Learned a level 4 spell: Ice Form
   207 | D        | Entered arena 3.
   207 | D        | Noticed a necrophage
   207 | D        | Noticed a necrophage
   207 | D        | Found a transporter.
   223 | D        | Killed a necrophage
   223 | D        | Reached * piety under Wu Jian
   223 | D        | Reached skill level 1 in Ice Magic
   223 | D        | Reached skill level 1 in Poison Magic
   223 | D        | Gained mutation: You are partially covered in large bone plates. (SH +4) [demonic ancestry]
   223 | D        | Reached XP level 5. HP: 43/43 MP: 9/12
   224 | D        | Reached skill level 5 in Unarmed Combat
   230 | D        | Killed a necrophage
   230 | D        | Reached skill level 5 in Fighting
   230 | D        | Reached skill level 5 in Dodging
   230 | D        | Reached skill level 5 in Spellcasting
   230 | D        | Reached XP level 6. HP: 47/51 MP: 10/13
   237 | D        | Identified Peewn's Papyrus of Hexes (You found it in the Dungeon)
   244 | D        | Learned a level 5 spell: Blade Hands
   245 | D        | Identified Peewn's Papyrus of Hexes (You found it in the Dungeon)
   364 | D        | Entered arena 4.
   364 | D        | Noticed a merfolk
   364 | D        | Noticed a merfolk
   364 | D        | Noticed a merfolk
   364 | D        | Noticed a merfolk
   364 | D        | Found a transporter.
   366 | D        | HP: 1/61 [merfolk/trident (22)]
   366 | D        | Mangled by a merfolk

Vault maps used:
D:        sprint_v

Skill      XL: |  1  2  3  4  5 |
---------------+----------------+-----
Fighting       | 2 3 4 5 |  5.1
Armour         | 1 2 |  2.8
Dodging        | 3 4 5 |  5.0
Stealth        | 1 2 3 |  3.3
Unarmed Combat | 3 4 5 |  5.3
Spellcasting   | 3 4 5 |  5.1
Transmutations | 2 3 4 |  4.7
Evocations     | 1 2 3 |  3.2
Ice Magic      | 1 |  1.7
Poison Magic   | 1 |  1.9

Action                   |  1- 3 |  4- 6 || total
-------------------------+-------+-------++-------
Melee: Unarmed           |     6 |    11 ||    17
       Headbutt          |     2 |     1 ||     3
       Punch             |       |     1 ||     1
 Cast: Beastly Appendage |     1 |       ||     1
       Spider Form       |       |     1 ||     1
       Ice Form          |       |     1 ||     1
  Use: Potion            |     1 |     1 ||     2
Armor: Robe              |       |     2 ||     2
Dodge: Dodged            |     2 |    21 ||    23
